 Dungeon Crawl Stone Soup version 0.20-a0-971-g5896763 (webtiles) character file.

4989 Leszczynek the Grappler (level 10, -14/106 HPs)
             Began as an Ogre Summoner on Apr 8, 2017.
             Was a Priest of Cheibriados.
             Demolished by a two-headed ogre
             ... wielding a +0 giant club
              (16 damage)
             ... on level 10 of the Dungeon.
             The game lasted 00:38:23 (5850 turns).

Leszczynek the Grappler (Ogre Summoner)             Turns: 5850, Time: 00:38:24

Health: -14/106    AC:  9    Str: 22    XL:     10   Next: 54%
Magic:  4/13       EV: 21    Int: 24    God:    Cheibriados [***...]
Gold:   368        SH:  0    Dex: 25    Spells: 0/13 levels left

rFire    . . .     SeeInvis .     - Unarmed
rCold    . . .     Gourm    .   (no shield)
rNeg     . . .     Faith    .   c - +0 steam dragon scales
rPois    .         Spirit   .   (helmet restricted)
rElec    .         Reflect  .   A - +2 cloak
rCorr    .         Harm     .   (gloves unavailable)
MR       +....                  (boots unavailable)
Stlth    +++.......             (no amulet)
Regen    0.3/turn               (no ring)
MPRegen  0.2/turn               (no ring)

@: agile, drained, very slow
A: unfitting armour, tough skin 1
a: Bend Time, Temporal Distortion, Renounce Religion


You were on level 10 of the Dungeon.
You worshipped Cheibriados.
Cheibriados was most pleased with you.
You were not hungry.

You visited 2 branches of the dungeon, and saw 11 of its levels.

You collected 368 gold pieces.

Inventory:

Missiles
 z - 4 tomahawks (quivered)
Armour
 c - +0 steam dragon scales (worn)
 A - a +2 cloak (worn)
Wands
 a - a wand of acid (4/15)
 n - a wand of iceblast (2/15)
Scrolls
 f - 2 scrolls of teleportation
 t - a scroll of enchant weapon
 y - a scroll of identify {@r1}
Potions
 e - 3 potions of ambrosia {unknown}
 h - a potion of cancellation {unknown}
 i - a potion of curing {@q1}
 j - 2 potions of brilliance {unknown}
Books
 b - a book of Callings

   Spells                             Type                      Level
   a - Summon Small Mammal            Summoning                    1
   b - Call Imp                       Summoning                    2
   c - Call Canine Familiar           Summoning                    3
   d - Summon Guardian Golem          Hexes/Summoning              3
   e - Summon Lightning Spire         Summoning/Air                4
   f - Summon Ice Beast               Ice/Summoning                4
Comestibles
 d - 6 bread rations
 g - 3 fruits
 l - 2 meat rations


   Skills:
 + Level 8.7(8.3) Fighting
 - Level 7.6(7.2) Dodging
 - Level 1.4(1.0) Stealth
 - Level 9.0(8.6) Unarmed Combat
 - Level 2.4(2.0) Spellcasting
 - Level 0.3(0.0) Charms
 - Level 3.6(3.2) Summonings
 - Level 0.1(0.0) Necromancy
 - Level 5.1(4.8) Invocations


You couldn't memorise any spells.
You knew the following spells:

 Your Spells              Type           Power        Failure   Level  Hunger
a - Song of Slaying       Chrm           #.......     17%         2    ##.....
b - Call Imp              Summ           ###.....     6%          2    ##.....
c - Call Canine Familiar  Summ           ###.....     12%         3    ###....
d - Confusing Touch       Hex            #.....       12%         1    None
e - Animate Skeleton      Necr           N/A          12%         1    None
q - Regeneration          Chrm/Necr      #.........   34%         3    ###....
A - Apportation           Tloc           #.....       12%         1    None


Dungeon Overview and Level Annotations

Branches:
Dungeon (10/15)            Temple (1/1) D:4
   Lair: D:8-11         Orc: D:9-12

Altars:
Ashenzari
Cheibriados
Dithmenos
Elyvilon
Gozag
Hepliaklqana
Kikubaaqudgha
Makhleb
Nemelex Xobeh
Okawaru
Qazlal
Ru
Trog
Uskayaw
Vehumet
Wu Jian
Xom
Yredelemnul
Zin
The Shining One

Portals:
Trove: D:10 (give 6 potions of haste)

Annotations:
D:4 Dowan, Duvessa
D:5 disto blork, Blork the orc, Crazy Yiuf
D:6 exclusion: electric eel
D:7 Gorglomux's ghost, novice TeAE
D:8 Prince Ribbit; zhorgal's ghost, novice TrMo


Innate Abilities, Weirdness & Mutations

You are too large for most types of armour.
You have tough skin. (AC +1)


Message History

Your hound completely misses the orc warrior.
The orc warrior misses your hound.
Your hound closely misses the orc warrior.
You punch the orc wizard!
You kill the orc wizard!
Cheibriados appreciates the change of pace.
The two-headed ogre misses you. The two-headed ogre closely misses you.
The orc warrior barely misses your hound.
Your hound bites the orc warrior but does no damage.
Your hound's attack snaps the orc warrior out of its fear.
You punch the two-headed ogre!
The two-headed ogre is heavily wounded.
Your hound bites the orc warrior but does no damage.
You closely miss the two-headed ogre.
The two-headed ogre is heavily wounded.
The two-headed ogre is no longer covered in acid.
Your hound bites the orc warrior but does no damage.
The orc warrior barely misses you.
The two-headed ogre hits you with a giant club!
You die...

#.....#.........#....#.....#
#.....#.........#....#.....#
#.....#.........'....#......
#.....#.........#....#.....#
#.....#.).......#....#.....#
##.....#'#:.######'####)....#
#........#....#........<.....
#........#....#..............
#........#.)@.#..............
#........'.Oo.#..............
#........#..h.#..............
#........#....#..............
#........#)...######.....#...
..................#......#...
.....o............#......#...
.................#......#...
................#......#...


You could see a two-headed ogre, an orc warrior and a friendly hound.

Vanquished Creatures
  A two-headed ogre (D:9)
  Pikel (D:7)
  Maurice (D:9)
  A troll (D:9)
  A hornet (D:9)
  Grinder (D:4)
  Eustachio (D:4)
  A steam dragon (D:9)
  A hungry ghost (D:10)
  A hell hound (D:8)
  A water moccasin (D:8)
  An ice beast (D:9)
  2 black bears
  A slave (D:7)
  2 eyes of draining (D:9)
  2 orc warriors (D:9)
  A sky beast (D:9)
  2 ogres
  2 centaurs (D:9)
  A big kobold (D:9)
  A bullfrog (D:6)
  3 scorpions
  7 wights (D:9)
  4 howler monkeys
  3 crimson imps
  3 centaur zombies
  A jelly (D:7)
  4 orc priests
  5 orc wizards
  2 iguanas
  4 worker ants
  A hound skeleton (D:8)
  2 adders
  An adder skeleton (D:4)
  An adder zombie (D:5)
  2 dart slugs
  2 leopard geckos
  13 orcs
  A ball python (D:4)
  3 giant cockroaches
  4 goblins
  4 hobgoblins
  5 jackals
  2 quokkas
  3 bats
  6 frilled lizards
  7 kobolds
  A quokka skeleton (D:9)
  7 rats
127 creatures vanquished.

Vanquished Creatures (collateral kills)
  A wight (D:9)
  3 hounds
  An orc wizard (D:8)
  An iguana (D:8)
  3 worker ants
  2 adders
  A gnoll (D:1)
  3 worms
  3 leopard geckos
  10 orcs
  A giant cockroach (D:2)
  A jackal (D:4)
  A kobold (D:2)
  A quokka (D:4)
  2 bats (D:1)
34 creatures vanquished.

Grand Total: 161 creatures vanquished

Notes
Turn   | Place    | Note
-------+----------+-------------------------------------------
     0 | D:1      | Leszczynek the Ogre Summoner began the quest for the Orb.
     0 | D:1      | Reached XP level 1. HP: 16/16 MP: 3/3
   192 | D:1      | Reached skill level 1 in Unarmed Combat
   223 | D:1      | Reached XP level 2. HP: 19/24 MP: 5/5
   231 | D:1      | Learned a level 2 spell: Call Imp
   515 | D:2      | Reached skill level 2 in Unarmed Combat
   678 | D:2      | Reached XP level 3. HP: 19/31 MP: 1/6
   698 | D:2      | Learned a level 3 spell: Call Canine Familiar
   855 | D:3      | Reached skill level 3 in Unarmed Combat
   855 | D:3      | Reached XP level 4. HP: 23/39 MP: 2/7
  1376 | D:4      | Learned a level 1 spell: Confusing Touch
  1414 | D:4      | Found a staircase to the Ecumenical Temple.
  1427 | Temple   | Entered the Ecumenical Temple
  1500 | Temple   | Became a worshipper of Cheibriados the Contemplative
  1569 | D:3      | Found a snail-covered altar of Cheibriados.
  1632 | D:4      | Reached skill level 4 in Unarmed Combat
  1646 | D:4      | Reached XP level 5. HP: 9/45 MP: 2/8
  1766 | D:4      | Noticed Grinder
  1775 | D:4      | Noticed Eustachio
  1781 | D:4      | Paralysed by Grinder for 2 turns
  1783 | D:4      | Killed Grinder
  1783 | D:4      | Reached skill level 5 in Unarmed Combat
  1783 | D:4      | Reached XP level 6. HP: 53/53 MP: 5/9
  1825 | D:4      | Killed Eustachio
  1825 | D:4      | Reached * piety under Cheibriados
  1825 | D:4      | Reached skill level 6 in Unarmed Combat
  1825 | D:4      | Reached XP level 7. HP: 22/59 MP: 5/10
  1903 | D:4      | Learned a level 1 spell: Apportation
  1905 | D:4      | Learned a level 1 spell: Animate Skeleton
  1910 | D:4      | Noticed Duvessa
  1910 | D:4      | Noticed Dowan
  1922 | D:5      | Entered Level 5 of the Dungeon
  1932 | D:5      | Found an opulent altar of Gozag.
  1932 | D:5      | Found an ancient bone altar of Kikubaaqudgha.
  2225 | D:5      | Found a runed door.
  2229 | D:5      | Noticed Crazy Yiuf
  2347 | D:5      | Reached skill level 7 in Unarmed Combat
  2519 | D:5      | Noticed Blork the orc
  2540 | D:5      | Found an ornate altar of the Wu Jian Council.
  2540 | D:5      | Found a white marble altar of Elyvilon.
  2620 | D:6      | Found a radiant altar of Vehumet.
  2949 | D:5      | Reached ** piety under Cheibriados
  3029 | D:7      | Noticed Gorglomux's ghost (novice TeAE)
  3068 | D:7      | Found a shattered altar of Ashenzari.
  3143 | D:7      | Found a bloodstained altar of Trog.
  3207 | D:6      | Reached XP level 8. HP: 63/67 MP: 4/11
  3251 | D:6      | Reached skill level 8 in Unarmed Combat
  3268 | D:6      | Reached skill level 1 in Invocations
  3280 | D:6      | Reached skill level 2 in Invocations
  3409 | D:7      | Reached skill level 3 in Invocations
  3526 | D:7      | Reached skill level 2 in Dodging
  3538 | D:7      | Noticed Pikel
  3568 | D:7      | Killed Pikel
  3568 | D:7      | Reached skill level 3 in Dodging
  3568 | D:7      | Reached skill level 5 in Invocations
  3645 | D:7      | Found a shadowy altar of Dithmenos.
  3658 | D:8      | Reached skill level 1 in Fighting
  3701 | D:8      | Reached skill level 2 in Fighting
  3760 | D:9      | Reached XP level 9. HP: 67/80 MP: 9/12
  3770 | D:9      | Learned a level 3 spell: Regeneration
  3813 | D:8      | Reached skill level 3 in Fighting
  3836 | D:8      | Reached skill level 4 in Fighting
  3854 | D:8      | Noticed Prince Ribbit
  3995 | D:8      | Noticed Maurice
  3996 | D:8      | Noticed zhorgal's ghost (novice TrMo)
  4178 | D:9      | Reached skill level 5 in Fighting
  4370 | D:9      | Noticed a hornet
  4386 | D:9      | Reached skill level 6 in Fighting
  4426 | D:9      | Noticed a two-headed ogre
  4441 | D:9      | Killed a two-headed ogre
  4441 | D:9      | Reached *** piety under Cheibriados
  4441 | D:9      | Reached skill level 6 in Dodging
  4469 | D:9      | Killed a hornet
  4479 | D:9      | Reached skill level 7 in Dodging
  4518 | D:9      | Reached XP level 10. HP: 67/98 MP: 1/13
  4727 | D:10     | Entered Level 10 of the Dungeon
  4747 | D:10     | Found a portal to a secret trove of treasure.
  4755 | D:10     | trove: 6 !haste
  4755 | D:10     | this is a free trove, if i find this many potions
  4869 | D:9      | Killed Maurice
  4896 | D:9      | Reached skill level 9 in Unarmed Combat
  5016 | D:9      | Reached **** piety under Cheibriados
  5209 | D:8      | Reached skill level 7 in Fighting
  5309 | D:8      | trmo ghost, prince ribbit, bees, hell hound
  5309 | D:8      | uh huh
  5309 | D:8      | nice lair entrance
  5511 | D:9      | Reached skill level 8 in Fighting
  5744 | D:10     | Found a basalt altar of Yredelemnul.
  5815 | D:10     | Learned a level 2 spell: Song of Slaying
  5832 | D:10     | Noticed a two-headed ogre
  5845 | D:10     | HP: 1/106 [two-headed ogre/giant club (18)]
  5850 | D:10     | Demolished by a two-headed ogre

Vault maps used:
D:1:      eino_arrival_water_star
D:2:      first_bread
D:3:      lemuel_coloured_pillars_altar, old_standard_altar,
          hangedman_decor_growths, kennysheep_slug_shrine
D:4:      minmay_temple_entry_grid, lightli_corner_chamber, uniq_eustachio,
          uniq_grinder, uniq_duvessa
D:5:      gammafunk_temple_overflow_elements, gammafunk_temple_overflow_wave,
          uniq_crazy_yiuf_cottage, uniq_blork_the_orc
D:6:      basic_altar, kennysheep_minor_cross
D:7:      lightli_temple_of_fire, nicolae_ashenzari_panopticon,
          grunt_dithmenos_smoke_and_mirrors, uniq_pikel
D:8:      minmay_lair_entry_lava, uniq_prince_ribbit1, uniq_maurice
D:10:     nicolae_trove_entry_crossroad, basic_altar
Temple:   jpeg_temple_clearing

Skill      XL: |  1  2  3  4  5  6  7  8  9 10 |
---------------+-------------------------------+-----
Unarmed Combat | 1 2 3 4 5 6 7 8 9 |  9.0
Invocations    | 5 |  5.1
Dodging        | 3 7 |  7.6
Fighting       | 2 6 8 |  8.7
Stealth        | |  1.4
Spellcasting   | |  2.4
Charms         | |  0.3
Summonings     | |  3.6
Necromancy     | |  0.1

Action                   |  1- 3 |  4- 6 |  7- 9 | 10-12 || total
-------------------------+-------+-------+-------+-------++-------
Melee: Dagger            |    83 |       |       |       ||    83
       Hand axe          |    30 |   103 |   138 |       ||   271
       Punch             |     1 |     1 |    10 |     9 ||    21
       Unarmed           |       |       |   197 |   152 ||   349
Throw: Tomahawk          |       |     2 |     2 |       ||     4
 Cast: Summon Small Mamm |     5 |       |       |       ||     5
       Call Imp          |     5 |     4 |     1 |     1 ||    11
       Call Canine Famil |     2 |     6 |    27 |     8 ||    43
       Regeneration      |       |       |       |     1 ||     1
Invok: Bend Time         |       |       |     3 |     6 ||     9
Evoke: Wand              |       |       |     5 |     7 ||    12
  Use: Potion            |       |     5 |     2 |     2 ||     9
       Scroll            |       |       |    10 |     7 ||    17
 Stab: Sleeping          |     1 |     1 |     1 |     1 ||     4
       Distracted        |       |     1 |     3 |     1 ||     5
  Eat: Chunk             |     1 |     5 |     7 |     2 ||    15
       Bread ration      |       |       |     1 |       ||     1
       Royal jelly       |       |       |       |     1 ||     1
Armor: Robe              |    28 |    25 |    84 |       ||   137
       Skin              |       |    27 |       |       ||    27
       Steam dragon scal |       |       |    16 |    48 ||    64
Dodge: Dodged            |    55 |    65 |   198 |   111 ||   429
